 Dungeon Crawl Stone Soup version 0.23.2 (webtiles) character file.

Game seed: 8610657511178588905

67 Menchi the Chiller (level 3, 0/19 HPs)
             Began as a Deep Elf Ice Elementalist on Apr 10, 2019.
             Slain by a gnoll (9 damage)
             ... on level 2 of the Dungeon.
             The game lasted 00:03:07 (1266 turns).

Menchi the Chiller (Deep Elf Ice Elementalist)      Turns: 1266, Time: 00:03:08

Health: 0/19       AC:  2    Str:  5    XL:     3   Next: 98%
Magic:  6/10       EV: 13    Int: 19    God:
Gold:   47         SH:  0    Dex: 16    Spells: 8/9 levels left

rFire    . . .     SeeInvis .   m - +2 dagger (venom)
rCold    . . .     Gourm    .   (no shield)
rNeg     + . .     Faith    .   a - +0 robe
rPois    .         Spirit   .   (no helmet)
rElec    .         Reflect  .   (no cloak)
rCorr    .         Harm     .   (no gloves)
MR       .....                  (no boots)
Stlth    ++........             (no amulet)
HPRegen  0.06/turn              h - ring of positive energy
MPRegen  0.12/turn              (no ring)

@: no status effects
A: no striking features
a: no special abilities


You were on level 2 of the Dungeon.
You were hungry.

You visited 1 branch of the dungeon, and saw 2 of its levels.

You collected 47 gold pieces.

Inventory:

Hand Weapons
 m - a +2 dagger of venom (weapon)
Armour
 a - a +0 robe (worn)
Jewellery
 h - a ring of positive energy (left hand)
Scrolls
 b - a scroll of fog {unknown}
 d - a scroll of fear {unknown}
 e - 2 scrolls of identify {unknown}
 k - a scroll of remove curse {unknown}
 l - a scroll of blinking {unknown}
Potions
 f - a potion of heal wounds {unknown}
 g - a potion of curing {unknown}
 j - 2 potions of ambrosia {unknown}
Comestibles
 c - 3 rations


   Skills:
 * Level 2.8 Dodging
 * Level 3.0 Stealth
 + Level 3.7 Spellcasting
   Level 1.1 Conjurations
 * Level 4.5 Ice Magic


You had 8 spell levels left.
You knew the following spells:

 Your Spells              Type           Power        Failure   Level  Hunger
a - Freeze                Ice            ###.         2%          1    None

Your spell library contained the following spells:

 Spells                   Type           Power        Failure   Level  Hunger
 Throw Frost              Conj/Ice       ##....       7%          2    ##.....
 Ozocubu's Armour         Chrm/Ice       ##......     17%         3    ###....
 Throw Icicle             Conj/Ice       ##......     41%         4    ####...
 Summon Ice Beast         Ice/Summ       ##......     50%         4    ####...


Dungeon Overview and Level Annotations

Branches:
Dungeon (2/15)

Altars:
Gozag


Message History

Casting: Freeze (safe; 2% risk of failure)
Confirm with . or Enter, or press ? or * to list all spells.
Aiming: Freeze (safe; 2% risk of failure)
Press: ? - help, Shift-Dir - straight line, f - gnoll
Aim: a gnoll You freeze the gnoll.
The gnoll is lightly wounded.
The gnoll barely misses you.
You hit the gnoll.
The gnoll is poisoned.
The gnoll is lightly wounded.
The gnoll hits you.
Casting: Freeze (safe; 2% risk of failure)
Confirm with . or Enter, or press ? or * to list all spells.
Aiming: Freeze (safe; 2% risk of failure)
Press: ? - help, Shift-Dir - straight line, f/p - gnoll
Aim: a gnoll (moderately wounded, poisoned)
You freeze the gnoll.
The gnoll is heavily wounded.
The gnoll hits you!
You die...

#........# #.## .
#........# #..###...
#...g....# #......#
#........# ##..#####
#.......<# ###)..#8_8#
#........# #..)..#...#
######.#####.###.#...#
#.##....###.##.####
#.##@###..........#
#.##g# #...>......#
#...g# #..........#
##..## #....รท.....#
#### #...)....<.#
#..........#
#..........#
######....## ##...#


You could see 2 gnolls.

Vanquished Creatures
  3 gnolls (D:2)
  An adder (D:2)
  3 bats (D:1)
  2 giant cockroaches (D:1)
  5 goblins
  5 hobgoblins
  2 jackals (D:1)
  2 kobolds (D:1)
  A frilled lizard (D:2)
  3 rats (D:1)
27 creatures vanquished.

Notes
Turn   | Place    | Note
-------+----------+-------------------------------------------
     0 | D:1      | Menchi the Deep Elf Ice Elementalist began the quest for
                  | the Orb.
     0 | D:1      | Reached XP level 1. HP: 10/10 MP: 6/6
   349 | D:1      | Reached XP level 2. HP: 15/15 MP: 5/8
   498 | D:1      | Reached skill level 4 in Ice Magic
   866 | D:2      | Reached XP level 3. HP: 19/19 MP: 4/9
   870 | D:2      | Found an opulent altar of Gozag.
  1266 | D:2      | Slain by a gnoll

Skill      XL: |  1  2  3 |
---------------+----------+-----
Ice Magic      | 4 |  4.5
Stealth        | 3 |  3.0
Dodging        | |  2.8
Spellcasting   | |  3.7
Conjurations   | |  1.1

Action                   || total
-------------------------++-------
Melee: Unarmed           ||     2
       Dagger            ||     3
 Cast: Freeze            ||    41
Armor: Robe              ||     5
Dodge: Dodged            ||    26
